AoeStats
← The Polished Pole

Arena

509754661Analyzed
1v1 RM · 6d ago on Sep 27, 2026· 41m 41s· 2 players
Game mode
Random Map
Map size
Tiny (2 player)
Population
200
Speed
Normal
Resources
Standard
Victory
Conquest
Starting age
Dark Age
Ending age
Imperial Age
RankedLock teamsTeams togetherTeam positionsShared explorationLock speedFull tech treeHidden civsTurbo modeCheats
Victory
Defeat
🇺🇸 Poles · United States
375
+18
🇦🇷 Teutons · Argentina
412
-18
The Polished Pole
0:33 Loom
3:13 Loom
3:18 Loom
10:58 Feudal Age
11:25 Double-Bit Axe
13:14 Wheelbarrow
12:26 Horse Collar
19:20 Castle Age
18:51 Bloodlines
19:42 Forging
20:19 Scale Barding Armor
21:05 Hand Cart
21:49 Husbandry
21:11 Light Cavalry
22:03 Heavy Plow
22:16 Bow Saw
24:28 Masonry
26:43 Iron Casting
26:29 Chain Barding Armor
28:11 Szlachta Privileges
28:24 Town Watch
28:41 Murder Holes
29:08 Ballistics
28:30 Treadmill Crane
32:40 Squires
32:26 Arson
32:45 Scale Mail Armor
38:23 Imperial Age
38:43 Chain Mail Armor
39:37 Town Patrol
40:42 Chemistry
39:15 Elite Obuch
40:32 Hoardings
39:55 Cavalier
41:30 Crop Rotation
Kingnach22
0:54 Loom
12:02 Feudal Age
13:26 Wheelbarrow
12:40 Town Watch
13:36 Double-Bit Axe
14:15 Horse Collar
19:45 Gold Mining
21:19 Man-at-Arms
21:45 Arson
24:43 Castle Age
24:25 Stone Mining
26:16 Hand Cart
26:14 Bow Saw
25:41 Pikeman
25:46 Long Swordsman
26:30 Squires
27:39 Scale Mail Armor
27:50 Forging
27:31 Fletching
27:42 Padded Archer Armor
29:39 Masonry
31:38 Town Patrol
36:15 Gambesons
Connection lost

Rejoining the realm…

Still unreachable

The connection could not be restored.

Session expired

The server has moved on; the page needs a fresh start.